 Dungeon Crawl Stone Soup version 0.28-a0-1038-g9c4cb8273d (webtiles) character file.

Game seed: 16771679508323397798

469606 ThanksArdit the Conqueror (level 23, 0/240 HPs)
             Began as a Minotaur Gladiator on Dec 7, 2021.
             Was the Champion of Okawaru.
             Killed from afar by a Hell Sentinel (31 damage)
             ... with an iron shot
             ... summoned by a deep elf demonologist
             ... on level 3 of the Elven Halls on Dec 8, 2021.
             The game lasted 02:37:54 (73915 turns).

ThanksArdit the Conqueror (Minotaur Gladiator)     Turns: 73915, Time: 02:37:54

Health: 0/240      AC: 53    Str: 33 (34) XL:     23   Next: 51%
Magic:  0/39       EV: 18    Int:  3      God:    Okawaru [******]
Gold:   5958       SH: 21    Dex: 23      Spells: 22/22 levels left

rFire   + . .      SeeInvis .   H - +11 hand axe "Yjuijomp" {venom, rElec rC+ MP+9 Dex+4}
rCold   + + +      Faith    .   R - +4 kite shield of Conscience {rC+ Dex+4 Stlth+}
rNeg    + . .      Spirit   +   m - +9 crystal plate armour of the Skies Above {Regen+}
rPois   +          Reflect  .   e - +0 hat "Guddexij" {Fly rPois rN+ Stlth+}
rElec   +          Harm     .   T - +2 cloak {rCorr}
rCorr   +          Rampage  ∞   S - +2 pair of gloves {Str+3}
Will    +....      Rnd*Tele +   b - +3 pair of seven-league boots {Rampage+∞}
Stlth   ..........              j - amulet of guardian spirit
HPRegen 0.00/turn               I - +4 ring of evasion
MPRegen 0.26/turn               q - +6 ring of strength

@: sick, flying, studying Transmutations, unable to read
A: horns 2, retaliatory headbutt, clumsy 1, cold resistance 1, deterioration 2,
dopey 1, fire resistance 1, teleportitis 1, no potion heal 1, subdued magic 1,
inability to read while threatened
}: 2/15 runes: serpentine, barnacled
a: Renounce Religion, Heroism, Finesse, Duel


You were on level 3 of the Elven Halls.
You worshipped Okawaru.
Okawaru was exalted by your worship.
You visited 10 branches of the dungeon, and saw 45 of its levels.
You visited the Abyss 3 times.
You visited 1 bazaar.

You collected 6598 gold pieces.
You spent 640 gold pieces at shops.

Inventory:

Hand Weapons
 H - the +11 hand axe "Yjuijomp" (weapon) {venom, rElec rC+ MP+9 Dex+4}
   (Okawaru gifted it to you on level 3 of the Lair of Beasts)

   It poisons the flesh of those it strikes.
   Dex:       It affects your dexterity (+4).
   rC:        It protects you from cold.
   rElec:     It insulates you from electricity.
   MP:        It affects your magic capacity (+9).
Missiles
 d - 12 throwing nets (quivered)
 E - 31 javelins
Armour
 b - the +3 pair of seven-league boots (worn) {Rampage+∞}
   (Okawaru gifted it to you on level 4 of the Depths)

   Its wearer moves as far as possible in that direction when moving towards
   enemies.
 e - the +0 hat "Guddexij" (worn) {Fly rPois rN+ Stlth+}
   (You acquired it on level 1 of the Orcish Mines)

   rPois:     It protects you from poison.
   rN:        It protects you from negative energy.
   Fly:       It grants you flight.
   Stlth:     It makes you more stealthy.
 m - the +9 crystal plate armour of the Skies Above (worn) {Regen+}
   (You acquired it on level 4 of the Snake Pit)

   Regen:     It increases your rate of health regeneration.
 R - the +4 kite shield of Conscience (worn) {rC+ Dex+4 Stlth+}
   (You found it on level 14 of the Dungeon)

   Dex:       It affects your dexterity (+4).
   rC:        It protects you from cold.
   Stlth:     It makes you more stealthy.
 S - a +2 pair of gloves of strength (worn)
 T - a +2 cloak of preservation (worn)
Jewellery
 j - an amulet of guardian spirit (around neck)
 q - a +6 ring of strength (right hand)
 I - a +4 ring of evasion (left hand)
 X - a ring of see invisible
Wands
 c - a wand of iceblast (38)
 h - a wand of digging (14)
 n - a wand of flame (88)
 r - a wand of acid (19)
 v - a wand of paralysis (27)
 w - a wand of mindburst (29)
 F - a wand of polymorph (11)
Scrolls
 l - 3 scrolls of blinking
 o - 13 scrolls of teleportation
 s - 9 scrolls of enchant weapon
 t - a scroll of acquirement
 y - 4 scrolls of holy word
 z - 5 scrolls of fear
 A - 26 scrolls of identify
 G - 3 scrolls of enchant armour
 L - 5 scrolls of magic mapping
 M - 5 scrolls of brand weapon
 N - a scroll of fog
 O - 3 scrolls of silence
Potions
 f - 3 potions of cancellation
 i - 7 potions of ambrosia
 p - 14 potions of curing
 u - a potion of heal wounds
 B - 4 potions of resistance
 C - 4 potions of berserk rage
 D - 7 potions of haste
 K - 6 potions of might
 P - 2 potions of magic
 U - 8 potions of brilliance
Miscellaneous
 a - a piece from Xom's chessboard (15/15)
 g - a lightning rod (4/4)
 k - a phial of floods
 x - a phial of floods
 J - a phial of floods
 V - a piece from Xom's chessboard (15/15)


   Skills:
 O Level 27 Fighting
 * Level 23.4 Axes
 - Level 7.5 Throwing
 O Level 27 Armour
 + Level 8.6 Dodging
 - Level 2.0 Stealth
 + Level 21.1 Shields
 - Level 11.6 Invocations
 - Level 1.0 Evocations


You had 22 spell levels left.
You didn't know any spells.
Your spell library contained the following spells:

 Spells                   Type           Power      Damage    Failure   Level
 Apportation              Tloc           0%         N/A       94%         1
 Beastly Appendage        Tmut           0%         N/A       94%         1
 Foxfire                  Conj/Fire      0%         2x1d4     94%         1
 Freeze                   Ice            0%         1d3       94%         1
 Magic Dart               Conj           0%         1d3       94%         1
 Sandblast                Erth           0%         2d4       94%         1
 Shock                    Conj/Air       0%         1d3       94%         1
 Slow                     Hex            0%         N/A       94%         1
 Corpse Rot               Necr/Air       0%         N/A       98%         2
 Ensorcelled Hibernation  Hex/Ice        0%         N/A       98%         2
 Passwall                 Tmut/Erth      0%         N/A       98%         2
 Poisonous Vapours        Pois/Air       0%         N/A       98%         2
 Searing Ray              Conj           0%         2d4       98%         2
 Static Discharge         Conj/Air       0%         N/A       98%         2
 Sublimation of Blood     Necr           0%         N/A       98%         2
 Wereblood                Tmut           0%         N/A       98%         2
 Confusing Touch          Hex            0%         N/A       100%        3
 Conjure Flame            Conj/Fire      0%         6-21      100%        3
 Frozen Ramparts          Ice            0%         1d2       100%        3
 Gell's Gravitas          Tloc           0%         N/A       100%        3
 Ignite Poison            Fire/Tmut/Pois 0%         N/A       100%        3
 Inner Flame              Hex/Fire       0%         N/A       100%        3
 Lesser Beckoning         Tloc           0%         N/A       100%        3
 Mephitic Cloud           Conj/Pois/Air  0%         N/A       100%        3
 Ozocubu's Armour         Ice            0%         N/A       100%        3
 Portal Projectile        Hex/Tloc       0%         N/A       100%        3
 Spider Form              Tmut/Pois      0%         N/A       100%        3
 Stone Arrow              Conj/Erth      0%         3d7       100%        3
 Swiftness                Air            0%         N/A       100%        3
 Teleport Other           Tloc           0%         N/A       100%        3
 Airstrike                Air            0%         N/A       100%        4
 Cause Fear               Hex            0%         N/A       100%        4
 Flame Wave               Conj/Fire      0%         2d4       100%        4
 Fulminant Prism          Conj/Hex       0%         3d6       100%        4
 Hailstorm                Conj/Ice       0%         3d3       100%        4
 Ice Form                 Ice/Tmut       0%         N/A       100%        4
 Leda's Liquefaction      Hex/Erth       0%         N/A       100%        4
 Sticky Flame             Conj/Fire      0%         2d3       100%        4
 Alistair's Intoxication  Tmut/Pois      0%         N/A       100%        5
 Borgnjor's Vile Clutch   Necr/Erth      0%         N/A       100%        5
 Lightning Bolt           Conj/Air       0%         1d11      100%        5
 Metabolic Englaciation   Hex/Ice        0%         N/A       100%        5
 Yara's Violent Unravell  Hex/Tmut       0%         3d3       100%        5
 Conjure Ball Lightning   Conj/Air       0%         3x3d6     100%        6
 Eringya's Noxious Bog    Tmut/Pois      0%         N/A       100%        6
 Orb of Destruction       Conj           0%         N/A       100%        7
 Discord                  Hex            0%         N/A       100%        8
 Disjunction              Tloc           0%         N/A       100%        8
 Lehudib's Crystal Spear  Conj/Erth      0%         10d2      100%        8
 Maxwell's Capacitive Co  Air            0%         ∞         100%        8
 Animate Skeleton         Necr           Unusable   N/A       N/A         1
 Summon Small Mammal      Summ           Unusable   N/A       N/A         1
 Call Imp                 Summ           Unusable   N/A       N/A         2
 Call Canine Familiar     Summ           Unusable   N/A       N/A         3
 Summon Guardian Golem    Hex/Summ       Unusable   N/A       N/A         3
 Tukima's Dance           Hex            Unusable   N/A       N/A         3
 Animate Armour           Summ/Erth      Unusable   N/A       N/A         4
 Summon Ice Beast         Ice/Summ       Unusable   N/A       N/A         4
 Summon Lightning Spire   Summ/Air       Unusable   N/A       N/A         4
 Summon Forest            Summ/Tloc      Unusable   N/A       N/A         5
 Summon Mana Viper        Hex/Summ       Unusable   N/A       N/A         5
 Simulacrum               Ice/Necr       Unusable   N/A       N/A         6
 Summon Cactus Giant      Summ           Unusable   N/A       N/A         6
 Monstrous Menagerie      Summ           Unusable   N/A       N/A         7
 Spellforged Servitor     Conj/Summ      Unusable   N/A       N/A         7
 Summon Hydra             Summ           Unusable   N/A       N/A         7

Dungeon Overview and Level Annotations

Branches:
Dungeon (15/15)            Temple (1/1) D:6            Lair (6/6) D:11
 Shoals (4/4) Lair:2        Snake (4/4) Lair:3        Slime (1/5) Lair:5
    Orc (2/2) D:9             Elf (3/3) Orc:2        Vaults (5/5) D:13
  Crypt (0/3) Vaults:3     Depths (4/4) D:15            Zot (0/5) Depths:4

Altars:
Ashenzari
Cheibriados
Dithmenos
Elyvilon
Fedhas
Gozag
Hepliaklqana
Kikubaaqudgha
Makhleb
Nemelex Xobeh
Okawaru
Qazlal
Ru
Sif Muna
Trog
Uskayaw
Vehumet
Wu Jian
Xom
Yredelemnul
Zin
The Shining One
Beogh
Jiyva
Lugonu

Shops:
D:10 !   D:13 !   D:14 *   Orc:2 (*[!   Elf:3 [   Snake:1 ?:[   Snake:2 ((:[
Depths:1 *=:=

Portals:
Hell: Depths:1 Depths:2 Depths:3 Depths:4
Abyss: Depths:1 Depths:3
Pandemonium: Depths:2 Depths:3
Ziggurat: Depths:2
Trove: Elf:3 (give +3 storm dragon scales)


Innate Abilities, Weirdness & Mutations

You have a pair of horns on your head.
You reflexively headbutt those who attack you in melee.
You are clumsy. (Dex -2)
Your flesh is cold resistant. (rC+)
Your body often deteriorates upon taking damage.
You are dopey. (Int -2)
Your flesh is heat resistant. (rF+)
You are occasionally teleported next to monsters.
Potions are less effective at restoring your health.
Your spells are a little easier to cast, but a little less powerful.
You sometimes lose the ability to read scrolls when taking damage.


Message History

The Hell Sentinel hits you!
Items here: )))) [[[ ††.
The deep elf sorcerer seems less brilliant.
You reach down and open the door.
The deep elf sorcerer hits you but does no damage.
You block the deep elf sorcerer's attack.
You block the Hell Sentinel's attack. x2; The Brimstone Fiend hits you. x2
The Brimstone Fiend hits you but does no damage.
The deep elf sorcerer points at you and mumbles some strange words.
The sphere of damnation explodes!
The damnation engulfs you!!
You feel threatened and lose the ability to read scrolls!
The deep elf elementalist gestures at you while chanting.
Some walls begin to move on their own!
You hear a shout! x4
There is an open door here.
The deep elf knight casts a spell.
The deep elf knight seems to speed up.
Unknown command.
The hellion gestures at you.
The sphere of damnation explodes!
The damnation engulfs you!!
* * * LOW HITPOINT WARNING * * *
The hellion gestures at you.
The sphere of damnation explodes!
The damnation engulfs you!!
* * * LOW HITPOINT WARNING * * *
Your body deteriorates!
You feel weakened.
The damnation engulfs the Hell Sentinel.
The Hell Sentinel completely resists.
You hear a shout!
You cannot read scrolls in your current state!
The deep elf knight seems less brilliant.
You block the Hell Sentinel's attack.
The Hell Sentinel hits you but does no damage.
You reach down and open the door.
The deep elf elementalist seems less brilliant.
You block the Hell Sentinel's attack. The Hell Sentinel misses you.
There is an open door here.
The deep elf sorcerer shouts, "You can't withstand my power!"
The Hell Sentinel gestures at you. The iron shot hits you!!!
You die...

#####'##.#### #####e.###
#......#.##'# #+##...°)..)#
#......#.##.######.##.°e.)..##
#......#.##........##..○...##
#......#.....#####.4e......#
#......+.....# #E2E.4....#
##....######.# #.e#.○....#
##..## ###'## #.##☼○....# #+#
##...@####1##4....##
#......##(..E....##
+..?...1e..##...##
#..)†..##e#####+#
#..)...##.......#
##.[)..##.#####...
#.......#'###.#####.(
#.....).#.##.........
#.......+.....######.


You could see a Hell Sentinel (summoned), a deep elf sorcerer (fast, poisoned)
and a deep elf demonologist (poisoned).

Vanquished Creatures
  A dread lich (Abyss:2)
  Mennas (Vaults:4)
  A juggernaut (Depths:4)
  3 royal mummies (Depths:3)
  Sojobo (Depths:4)
  Frederick (Vaults:4)
  Vashnia (Snake:3)
  Bai Suzhen (Vaults:3)
  A golden dragon (Depths:3)
  Jory (Vaults:4)
  A bone dragon (Depths:4)
  A lich (Abyss:2)
  Asterion (Elf:2)
  A deep elf blademaster (Elf:3)
  2 titans (Vaults:5)
  A quicksilver dragon (Vaults:5)
  5 krakens (Shoals:4)
  A sphinx (Depths:3)
  4 tentacled starspawn (Abyss:2)
  Polyphemus (Shoals:2)
  Kirke (Lair:4)
  4 shadow dragons
  6 tengu reavers
  A storm dragon (Vaults:5)
  A fenstrider witch (Shoals:2)
  8 nagarajas (Snake:4)
  2 orc warlords
  7 fire giants
  A draconian knight (Depths:4)
  An iron dragon (Depths:2)
  7 frost giants
  9 vault wardens
  Louise (D:14)
  4 deep elf sorcerers
  A balrug (Depths:2)
  4 deep elf elementalists (Elf:3)
  A draconian shifter (Depths:4)
  9 very ugly things
  19 ironbound preservers
  17 stone giants
  A draconian annihilator (Depths:4)
  2 war gargoyles
  A vampire knight (Depths:3)
  A stone giant (shapeshifter) (Depths:4)
  An entropy weaver (Vaults:3)
  A deep elf demonologist (Elf:1)
  Nessos (D:15)
  A red draconian (Depths:4)
  5 starcursed masses (Abyss:2)
  2 black draconians (Depths:4)
  A white draconian (Depths:4)
  2 deep elf annihilators
  8 dire elephants
  The ghost of Wociock the Destroyer, a journeyman DgWz (D:14)
  2 merfolk javelineers
  2 crystal guardians
  5 merfolk impalers
  A mummy priest (Depths:3)
  8 ettins
  A deep elf death mage (Elf:3)
  8 fire dragons
  7 hydras
  10 ironbound thunderhulks
  23 vault guards
  4 great orbs of eyes
  10 yaktaur captains
  Erolcha (Orc:2)
  5 ice dragons
  3 rakshasas
  A boulder beetle (D:14)
  10 anacondas
  2 peacekeepers
  2 salamander tyrants (Snake:4)
  11 ironbound frosthearts
  3 ogre magi
  11 centaur warriors
  17 naga warriors
  A catoblepas (Shoals:1)
  Erica (Orc:1)
  2 death knights (Vaults:3)
  5 merfolk avatars
  13 two-headed ogres
  2 alligators
  3 merfolk aquamancers
  30 dancing weapons
  5 satyrs (Shoals:4)
  4 alligator snapping turtles
  14 deep troll earth magi
  3 tengu warriors
  9 deep troll shamans
  9 death yaks
  2 thrashing horrors (Abyss:2)
  4 orc high priests
  2 spriggan berserkers
  6 shock serpents
  18 large abominations
  3 sun demons
  2 hell hogs
  20 naga sharpshooters
  23 deep elf knights
  2 soul eaters (Depths:1)
  12 hell knights
  10 iron trolls
  2 wretched stars (Abyss:2)
  6 salamander mystics
  2 shadow wraiths
  A fire crab (Lair:5)
  A spatial maelstrom (Abyss:2)
  4 glowing orange brains
  A spriggan druid (Depths:1)
  13 sea snakes
  75 deep trolls
  6 deep elf archers
  An obsidian statue (Orc:2)
  5 lindwurms
  9 naga ritualists
  12 orc knights
  Pikel (D:4)
  20 deep elf pyromancers
  12 ironbound convokers
  4 necromancers
  10 wizards
  20 harpies
  25 deep elf zephyrmancers
  47 ugly things
  A wolf spider (D:15)
  6 mana vipers
  3 orc sorcerers (Elf:1)
  26 fauns
  A wolf spider zombie (D:9)
  2 phantasmal warriors
  18 salamanders
  12 manticores
  25 cyclopes
  A dire elephant zombie (Abyss:2)
  10 merfolk sirens
  11 guardian serpents
  27 elephants
  7 water nymphs
  Joseph (D:9)
  A spriggan zombie (Abyss:2)
  10 naga magi
  7 smoke demons
  An eye of devastation (shapeshifter) (Depths:2)
  13 vault sentinels
  34 black mambas
  2 orange demons (Abyss:2)
  A gargoyle (D:11)
  Maggie (D:7)
  31 cane toads
  3 freezing wraiths
  A hellion (Depths:1)
  Psyche (D:8)
  3 unseen horrors
  31 yaktaurs
  A yaktaur (shapeshifter) (D:13)
  4 rime drakes
  2 efreet
  2 hellwings (D:9)
  6 ancient zymes
  10 komodo dragons
  A guardian mummy (Elf:3)
  A harpy zombie (D:9)
  28 merfolk
  14 trolls
  Grinder (D:5)
  6 wind drakes
  4 polar bears
  Prince Ribbit (D:9)
  4 tyrant leeches (Lair:6)
  3 hornets
  8 raiju (Abyss:2)
  23 slime creatures
  21 blink frogs
  12 snapping turtles
  A meliai zombie (D:11)
  3 dream sheep (Shoals:4)
  A shadow (D:13)
  A vampire (D:9)
  3 redbacks (Vaults:3)
  11 water elementals
  5 wraiths
  An air elemental (Elf:3)
  6 wyverns
  4 ynoxinuls (Abyss:2)
  28 yaks
  2 spriggans (Depths:1)
  5 fire elementals
  4 hogs (Lair:4)
  Eustachio (D:6)
  A yak (shapeshifter) (Vaults:2)
  2 neqoxecs (Abyss:2)
  A steam dragon (D:10)
  11 vampire mosquitoes
  2 basilisks
  Grum (D:8)
  2 chaos spawn (Depths:3)
  5 spatial vortices (Abyss:2)
  A swamp worm (shapeshifter) (Depths:3)
  10 wargs
  34 nagas
  2 hell hounds (Abyss:2)
  A floating eye (Depths:2)
  Duvessa (D:5)
  12 water moccasins
  5 black bears
  25 orc warriors
  2 ice beasts
  25 ogres
  2 sky beasts (D:6)
  2 hornet zombies (D:9)
  A boggart (Vaults:1)
  2 necrophages
  9 centaurs
  16 wolves
  2 phantoms
  Blork the orc (D:6)
  13 bullfrogs
  27 small abominations
  2 gnoll sergeants
  A water moccasin zombie (D:6)
  A water moccasin skeleton (D:6)
  Dowan (D:5)
  A killer bee (D:4)
  A howler monkey (D:9)
  8 electric eels
  A lava snake (D:13)
  A bullfrog zombie (D:5)
  6 centaur zombies
  3 jellies
  2 hounds
  2 quasits (Abyss:2)
  Crazy Yiuf (D:3)
  2 bullfrog skeletons
  13 orc priests
  4 iguanas
  3 iron imps (Abyss:2)
  Natasha (thrice) (D:3)
  2 centaur skeletons
  Terence (D:3)
  12 orc wizards
  A killer bee zombie (D:7)
  2 hound skeletons
  2 howler monkey zombies
  9 gnolls
  2 howler monkey skeletons
  6 adders
  5 shadow imps (D:9)
  2 white imps (Abyss:2)
  2 ufetubi
  3 adder skeletons
  3 dart slugs
  78 orcs
  7 bats
  4 endoplasms
  3 giant cockroaches
  9 goblins
  5 hobgoblins
  8 jackals
  8 kobolds
  4 quokkas
  5 ball pythons
  2 frilled lizards
  6 rats
  2 lurking horrors (Abyss:2)
  4 starspawn tentacles
  8 tentacles (Shoals:4)
1789 creatures vanquished.

Vanquished Creatures (others)
  The ghost of Kisuacos the Sorcerer, a veteran SpVM of Ashenzari (Depths:3)
  A fire giant (D:13)
  2 frost giants (Depths:3)
  A vampire knight (Depths:4)
  A mummy priest (Depths:3)
  A rakshasa (Depths:3)
  A deep troll earth mage (Depths:3)
  A vampire mage (Depths:3)
  2 wizards (Depths:1)
  An orc warrior (Vaults:5)
  A small abomination (Abyss:2)
  3 boggarts
  An orc (Elf:3)
  9 ball lightnings (Depths:3)
  A bush (Depths:1)
  51 fungi
  A lurking horror (Abyss:3)
  357 plants
  12 starspawn tentacles
  18 tentacles (Shoals:4)
  14 withered plants (D:9)
480 creatures vanquished.

Grand Total: 2269 creatures vanquished

Notes
Turn   | Place    | Note
-------+----------+-------------------------------------------
     0 | D:1      | ThanksArdit the Minotaur Gladiator began the quest for the
                  | Orb.
     0 | D:1      | Reached XP level 1. HP: 18/18 MP: 0/0
   208 | D:1      | Reached XP level 2. HP: 10/25 MP: 1/1
   718 | D:1      | Found a faded altar of an unknown god.
   718 | D:1      | Noticed a crimson imp
  1208 | D:2      | Reached XP level 3. HP: 30/30 MP: 2/2
  1839 | D:2      | Found a white marble altar of Elyvilon.
  1917 | D:2      | Reached skill level 1 in Armour
  1917 | D:2      | Reached XP level 4. HP: 29/37 MP: 3/3
  2365 | D:3      | Reached skill level 5 in Axes
  2784 | D:3      | Reached XP level 5. HP: 37/44 MP: 4/4
  2930 | D:3      | Noticed Terence
  2932 | D:3      | Killed Terence
  3048 | D:3      | Noticed Natasha
  3055 | D:3      | Killed Natasha
  3229 | D:3      | Noticed Natasha
  3233 | D:3      | Killed Natasha
  3263 | D:3      | Found a runed translucent door.
  3264 | D:3      | Noticed Crazy Yiuf
  3610 | D:3      | Killed Crazy Yiuf
  3611 | D:3      | Reached XP level 6. HP: 38/51 MP: 5/5
  3723 | D:3      | Noticed Natasha
  3733 | D:3      | Killed Natasha
  3929 | D:4      | Noticed Pikel
  3945 | D:4      | Killed Pikel
  3946 | D:4      | Reached skill level 1 in Stealth
  3946 | D:4      | Reached XP level 7. HP: 23/58 MP: 6/6
  4295 | D:4      | Reached skill level 5 in Armour
  4686 | D:4      | Reached XP level 8. HP: 43/67 MP: 7/7
  5043 | D:4      | You fall into a shaft and drop 3 floors!
  5056 | D:7      | Noticed a two-headed ogre
  5246 | D:6      | Noticed Eustachio
  5253 | D:6      | Killed Eustachio
  5254 | D:6      | Reached skill level 5 in Dodging
  5263 | D:6      | Reached skill level 5 in Fighting
  5297 | D:5      | Entered Level 5 of the Dungeon
  5751 | D:5      | Noticed Dowan
  5752 | D:5      | Noticed Duvessa
  5757 | D:5      | Killed Duvessa
  5764 | D:5      | Killed Dowan
  6096 | D:5      | Noticed Grinder
  6107 | D:5      | Paralysed by Grinder for 3 turns
  6114 | D:5      | Killed Grinder
  6563 | D:5      | Reached skill level 10 in Axes
  6563 | D:5      | Reached XP level 9. HP: 52/75 MP: 8/8
  6703 | D:5      | Gained mutation: Your muscles are strong. (Str +2) [potion
                  | of mutation]
  6703 | D:5      | Gained mutation: Your flesh is heat resistant. (rF+)
                  | [potion of mutation]
  7211 | D:6      | Noticed Blork the orc
  7215 | D:6      | Killed Blork the orc
  7990 | D:6      | Found a staircase to the Ecumenical Temple.
  7999 | Temple   | Entered the Ecumenical Temple
  8247 | Temple   | Became a worshipper of Warmaster Okawaru
  8462 | D:7      | Noticed Maggie
  8476 | D:7      | Killed Maggie
  9137 | D:8      | Noticed Grum
  9140 | D:8      | Reached * piety under Okawaru
  9152 | D:8      | Killed Grum
  9153 | D:8      | Reached XP level 10. HP: 40/86 MP: 8/9
  9161 | D:8      | Noticed Psyche
  9176 | D:8      | Killed Psyche
 10129 | D:8      | Found a shimmering blue altar of Sif Muna.
 10714 | D:9      | Reached ** piety under Okawaru
 10802 | D:9      | Noticed Joseph
 11320 | D:9      | Reached skill level 10 in Armour
 11325 | D:9      | Found a staircase to the Orcish Mines.
 11760 | D:9      | Reached *** piety under Okawaru
 11810 | D:9      | Reached XP level 11. HP: 78/97 MP: 10/10
 12118 | D:9      | Noticed Prince Ribbit
 12135 | D:9      | Killed Prince Ribbit
 12188 | D:9      | Killed Joseph
 12413 | D:9      | Identified a scroll of acquirement
 12763 | D:10     | Entered Level 10 of the Dungeon
 12867 | D:10     | Found Vakeile's Distillery.
 13150 | D:10     | Killed a two-headed ogre
 13296 | D:10     | Noticed an ice dragon
 13774 | Orc:1    | Entered Level 1 of the Orcish Mines
 13783 | Orc:1    | Noticed Erica
 13796 | Orc:1    | Killed Erica
 13796 | Orc:1    | Reached **** piety under Okawaru
 14054 | Orc:1    | Acquired the +0 hat "Guddexij" {Fly rPois rN+ Stlth+}
 14242 | Orc:2    | Entered Level 2 of the Orcish Mines
 14242 | Orc:2    | Found a staircase to the Elven Halls.
 14260 | Orc:2    | Noticed a two-headed ogre
 14858 | Orc:2    | Reached skill level 15 in Axes
 14894 | Orc:2    | Noticed Erolcha
 15476 | D:10     | Got the +8 broad axe "Meesirot" {freeze, Int+2}
 15484 | D:10     | Noticed a two-headed ogre
 15489 | D:10     | Killed a two-headed ogre
 15531 | D:10     | Reached ***** piety under Okawaru
 15532 | D:10     | Reached skill level 10 in Fighting
 16034 | D:11     | Noticed a two-headed ogre
 16045 | D:11     | Killed a two-headed ogre
 16045 | D:11     | Received a gift from Okawaru
 16049 | D:11     | HP: 3/100 [gargoyle/stone arrow (20)]
 16390 | D:11     | Reached XP level 12. HP: 98/107 MP: 11/11
 16528 | D:11     | Found a staircase to the Lair.
 16532 | D:11     | Noticed a two-headed ogre
 16540 | D:11     | Killed a two-headed ogre
 16589 | D:11     | Received a gift from Okawaru
 16852 | D:11     | Upgraded the game from 0.28-a0-1033-g1a2f33fa85 to
                  | 0.28-a0-1038-g9c4cb8273d
 16865 | Lair:1   | Entered Level 1 of the Lair of Beasts
 17235 | D:12     | Received a gift from Okawaru
 17310 | D:12     | Noticed a two-headed ogre
 17891 | Lair:1   | Found a white marble altar of Elyvilon.
 18442 | Lair:2   | Noticed a four-headed hydra
 18575 | Lair:2   | Found a staircase to the Shoals.
 18583 | Lair:2   | Reached skill level 15 in Armour
 18687 | Lair:2   | Noticed a six-headed hydra
 18693 | Lair:2   | Killed a ten-headed hydra
 18731 | Lair:2   | Killed a seven-headed hydra
 18731 | Lair:2   | Received a gift from Okawaru
 19815 | Lair:3   | Reached skill level 1 in Evocations
 19815 | Lair:3   | Reached XP level 13. HP: 118/118 MP: 12/12
 19977 | Lair:3   | Identified the +11 hand axe "Yjuijomp" {venom, rElec rC+
                  | MP+9 Dex+4} (Okawaru gifted it to you on level 3 of the
                  | Lair of Beasts)
 19977 | Lair:3   | Received a gift from Okawaru
 20056 | Lair:3   | Found a staircase to the Snake Pit.
 20073 | Lair:3   | Reached ****** piety under Okawaru
 20580 | Lair:3   | Reached skill level 1 in Invocations
 21508 | Lair:4   | Noticed Kirke
 21537 | Lair:4   | Killed Kirke
 21639 | Lair:4   | Received a gift from Okawaru
 23145 | Lair:5   | Found a staircase to the Slime Pits.
 23145 | Lair:5   | Found a viscous altar of Jiyva.
 23157 | Lair:5   | Identified the +7 war axe of Responsibility {vorpal, Int+3}
 23222 | Lair:5   | Received a gift from Okawaru
 23362 | Lair:5   | Reached XP level 14. HP: 125/133 MP: 16/16
 23414 | Lair:5   | Reached skill level 5 in Invocations
 24264 | Lair:6   | Entered Level 6 of the Lair of Beasts
 24303 | Lair:6   | Reached skill level 15 in Fighting
 25486 | Lair:6   | Received a gift from Okawaru
 26684 | D:13     | Found Xets's Distillery.
 26752 | D:13     | Found a gate to the Vaults.
 26765 | D:13     | Noticed an ironbound preserver
 26776 | D:13     | Identified the +2 glaive "Diurim" {drain, Drain Str+3
                  | Int+6} (Okawaru gifted it to you on level 13 of the
                  | Dungeon)
 26776 | D:13     | Received a gift from Okawaru
 26781 | D:13     | Killed an ironbound preserver
 27040 | D:13     | Reached XP level 15. HP: 126/147 MP: 19/19
 27110 | D:13     | Identified the +4 hand crossbow of Adasto {elec, rC- rN+
                  | Int+4}
 27438 | D:13     | Noticed a fire giant
 27450 | D:13     | Killed a fire giant
 27762 | D:13     | Identified the +9 mace "Awaitico" {holy, rCorr}
 27764 | D:13     | Identified the +5 mace "Uhyh" {antimagic, Will+}
 27771 | D:13     | Identified the +10 hand axe of Conscience {freeze, rPois}
 27800 | D:13     | Identified the ring "Keuk Vuqiupp" {Ice rElec Int+10 Slay-4
                  | SInv}
 28008 | D:14     | Received a gift from Okawaru
 28069 | D:14     | Found Raoretan's Changing Room.
 28111 | D:14     | Found an ornate altar of the Wu Jian Council.
 28111 | D:14     | Noticed Louise
 28159 | D:14     | Killed Louise
 28661 | D:14     | Found a runed translucent gate.
 28662 | D:14     | Found a runed translucent gate.
 28663 | D:14     | Found a runed translucent gate.
 28664 | D:14     | Noticed Wociock's ghost (journeyman DgWz)
 29053 | D:14     | Identified the +4 kite shield of Conscience {rC+ Dex+4
                  | Stlth+}
 29445 | D:14     | Reached skill level 1 in Shields
 29493 | D:14     | Killed Wociock's ghost
 29556 | D:14     | Received a gift from Okawaru
 29985 | D:15     | Entered Level 15 of the Dungeon
 30369 | D:15     | Found a staircase to the Depths.
 30445 | D:15     | Noticed Nessos
 30452 | D:15     | Killed Nessos
 31343 | Orc:2    | Found Robegini's Distillery.
 31343 | Orc:2    | Found Jauc's Armour Boutique.
 31363 | Orc:2    | Killed Erolcha
 31365 | Orc:2    | Reached skill level 5 in Shields
 31589 | Orc:2    | Received a gift from Okawaru
 32038 | Orc:2    | Found Xoxas's Antique Weapon Shoppe.
 32050 | Orc:2    | Found Quiwn's General Store.
 32062 | Orc:2    | Bought a scroll of identify for 30 gold pieces
 32078 | Orc:2    | Bought a potion of heal wounds for 65 gold pieces
 32088 | Orc:2    | Bought a wand of iceblast (7) for 165 gold pieces
 32339 | D:10     | Reached XP level 16. HP: 146/159 MP: 20/20
 32714 | Orc:2    | Found a gateway to a bazaar.
 32788 | Bazaar   | Entered a bazaar
 32790 | Bazaar   | Found Vacyetan's Magic Scroll Boutique.
 32794 | Bazaar   | Found Caomn's Book Boutique.
 32794 | Bazaar   | Found Nyhoat's Antique Weapon Boutique.
 32794 | Bazaar   | Found Zuiss's Distillery.
 32798 | Bazaar   | Bought a scroll of identify for 30 gold pieces
 32798 | Bazaar   | Bought a scroll of identify for 30 gold pieces
 33056 | Shoals:1 | Entered Level 1 of the Shoals
 33090 | Shoals:1 | Identified the +5 broad axe "Roadur" {venom, rN+ rCorr
                  | Int+2} (Okawaru gifted it to you on level 1 of the Shoals)
 33090 | Shoals:1 | Received a gift from Okawaru
 33842 | Shoals:1 | Acquired 785 gold pieces
 34400 | Shoals:1 | Reached skill level 10 in Shields
 34822 | Shoals:2 | Noticed Polyphemus
 34942 | Shoals:2 | Received a gift from Okawaru
 35913 | Shoals:2 | Killed Polyphemus
 37022 | Shoals:3 | Received a gift from Okawaru
 37501 | Shoals:4 | Entered Level 4 of the Shoals
 37501 | Shoals:4 | Noticed a kraken
 37501 | Shoals:4 | Noticed a kraken
 37501 | Shoals:4 | Noticed a kraken
 37501 | Shoals:4 | Noticed a kraken
 37511 | Shoals:4 | Killed a kraken
 37527 | Shoals:4 | Killed a kraken
 37542 | Shoals:4 | Killed a kraken
 37559 | Shoals:4 | Killed a kraken
 37560 | Shoals:4 | Reached XP level 17. HP: 95/169 MP: 18/21
 38353 | Shoals:4 | Noticed a kraken
 39089 | Shoals:4 | Reached skill level 15 in Shields
 39510 | Shoals:4 | Identified the +0 morningstar "Pecolol" {vamp, Contam rPois
                  | rF+}
 39905 | Shoals:4 | Got a barnacled rune of Zot
 40099 | Shoals:4 | Killed a kraken
 40580 | Snake:1  | Entered Level 1 of the Snake Pit
 41018 | Snake:1  | Found Ymuyl's Antique Armour Shoppe.
 41021 | Snake:1  | Found Deyq Ynn's Book Emporium.
 41023 | Snake:1  | Found Arubegh's Magic Scroll Shoppe.
 41031 | Snake:1  | Bought a scroll of enchant armour for 120 gold pieces
 41031 | Snake:1  | Bought a scroll of teleportation for 48 gold pieces
 41031 | Snake:1  | Bought a scroll of identify for 32 gold pieces
 41031 | Snake:1  | Bought a scroll of blinking for 120 gold pieces
 41359 | Snake:1  | Received a gift from Okawaru
 42719 | Snake:2  | Found Ywkimeynt's Book Emporium.
 42722 | Snake:2  | Found Tatae's Armour Emporium.
 42722 | Snake:2  | Found Osharhir's Weapon Shoppe.
 42812 | Snake:2  | Found Venoreh's Weapon Shoppe.
 43318 | Snake:3  | Found a frozen archway.
 43526 | Snake:3  | Received a gift from Okawaru
 43589 | Snake:3  | Reached XP level 18. HP: 183/183 MP: 24/24
 43825 | Snake:3  | Received a gift from Okawaru
 44010 | Snake:3  | Noticed Vashnia
 44034 | Snake:3  | Killed Vashnia
 44525 | Snake:3  | Identified the +6 long sword "Ifeum" {venom, rPois SInv}
                  | (Okawaru gifted it to you on level 3 of the Snake Pit)
 44525 | Snake:3  | Received a gift from Okawaru
 44726 | Snake:4  | Entered Level 4 of the Snake Pit
 44909 | Snake:4  | Reached skill level 10 in Invocations
 46182 | Snake:4  | Received a gift from Okawaru
 48368 | Snake:4  | Got a serpentine rune of Zot
 48375 | Snake:4  | Acquired the +9 crystal plate armour of the Skies Above
                  | {Regen+}
 48708 | Slime:1  | Entered Level 1 of the Pits of Slime
 48894 | Vaults:1 | Entered Level 1 of the Vaults
 49021 | Vaults:1 | Identified the +1 pair of boots of the Five Knaves
                  | {*Corrode Int+8 SInv Stlth+} (Okawaru gifted it to you on
                  | level 1 of the Vaults)
 49021 | Vaults:1 | Received a gift from Okawaru
 49022 | Vaults:1 | Reached XP level 19. HP: 196/196 MP: 26/26
 50217 | Vaults:2 | Received a gift from Okawaru
 50510 | Vaults:2 | Lost intelligence.
 51756 | Vaults:3 | Received a gift from Okawaru
 51809 | Vaults:3 | Received a gift from Okawaru
 51895 | Vaults:3 | Noticed Bai Suzhen
 51916 | Vaults:3 | Killed Bai Suzhen
 51945 | Vaults:3 | Reached XP level 20. HP: 157/212 MP: 27/27
 52120 | Vaults:3 | Found a staircase to the Crypt.
 52239 | Vaults:3 | Cast into level 2 of the Abyss (a wizard)
 52487 | Abyss:2  | Noticed a dread lich
 52513 | Abyss:2  | Paralysed by something for 7 turns
 52525 | Abyss:2  | Killed a dread lich
 52556 | Vaults:3 | Escaped the Abyss
 52703 | Vaults:3 | Cast into level 2 of the Abyss (a wizard)
 52703 | Abyss:2  | Found a corrupted altar of Lugonu.
 52960 | Abyss:2  | Received a gift from Okawaru
 53202 | Abyss:2  | Lost mutation: Your muscles are strong. (Str +2) [a
                  | neqoxec]
 53207 | Abyss:2  | Gained mutation: Your flesh is cold resistant. (rC+) [a
                  | neqoxec]
 53407 | Abyss:2  | Gained mutation: Potions are less effective at restoring
                  | your health. [a neqoxec]
 53409 | Abyss:2  | Gained mutation: Your body sometimes deteriorates upon
                  | taking damage. [a neqoxec]
 53489 | Abyss:2  | Noticed a bone dragon
 53571 | Abyss:2  | Reached skill level 27 in Fighting
 53574 | Abyss:2  | Found a corrupted altar of Lugonu.
 53645 | Abyss:2  | Received a gift from Okawaru
 53783 | Vaults:3 | Escaped the Abyss
 54245 | Vaults:3 | Acquired 868 gold pieces
 54533 | Vaults:4 | Noticed Mennas
 54569 | Vaults:4 | Killed Mennas
 54650 | Vaults:4 | Noticed Frederick
 54660 | Vaults:4 | Killed Frederick
 54833 | Vaults:4 | Noticed Jory
 54908 | Vaults:4 | Killed Jory
 55609 | Vaults:4 | Identified the +1 scale mail of Faniken {rC- Str+4}
                  | (Okawaru gifted it to you on level 4 of the Vaults)
 55609 | Vaults:4 | Received a gift from Okawaru
 55610 | Vaults:4 | Reached XP level 21. HP: 213/224 MP: 28/28
 55830 | Vaults:5 | Entered Level 5 of the Vaults
 55933 | Vaults:5 | Reached skill level 27 in Armour
 55968 | Vaults:5 | Reached skill level 5 in Throwing
 56298 | Vaults:5 | Identified the +3 scale mail of Gravity {Drain rF++ Str+4}
 56305 | Vaults:5 | Noticed a dread lich
 56322 | Vaults:5 | Noticed a dread lich
 56962 | Depths:1 | Entered Level 1 of the Depths
 56988 | Depths:1 | Received a gift from Okawaru
 57171 | Depths:1 | Found a gateway to Hell.
 57625 | Depths:1 | Received a gift from Okawaru
 57771 | Depths:1 | Found Xarir's General Store.
 57877 | Depths:1 | Found Lorphach's Jewellery Boutique.
 57877 | Depths:1 | Found Epiuleha's Book Shoppe.
 57878 | Depths:1 | Found Rorgherph's Jewellery Boutique.
 57888 | Depths:1 | Identified the ring of Fyshruce {rC+ Str+4 Dex+2}
 57946 | Depths:1 | Found a one-way gate to the infinite horrors of the Abyss.
 58430 | Depths:2 | Identified the ring "Inoiguf" {Fire Will+ Int+2 Dex+3}
 58693 | Depths:2 | Found a gateway to a ziggurat.
 58751 | Depths:2 | Paralysed by a floating eye for 2 turns
 58960 | Depths:2 | Reached XP level 22. HP: 233/233 MP: 29/29
 59007 | Depths:2 | Found a one-way gate leading to the halls of Pandemonium.
 59503 | Depths:3 | Noticed a golden dragon
 59514 | Depths:3 | Killed a golden dragon
 59745 | Depths:3 | Identified the +4 robe "Jaziwn" {Harm rC- rN+ rCorr SInv}
                  | (Okawaru gifted it to you on level 3 of the Depths)
 59745 | Depths:3 | Received a gift from Okawaru
 59822 | Depths:3 | Paralysed by a vampire knight for 6 turns
 60578 | Depths:3 | Noticed a royal mummy
 60605 | Depths:3 | Killed a royal mummy
 60621 | Depths:3 | Noticed a royal mummy
 60634 | Depths:3 | Killed a royal mummy
 60654 | Depths:3 | Noticed a royal mummy
 60663 | Depths:3 | Killed a royal mummy
 60664 | Depths:3 | Found the +7 sceptre of Torment {pain, torment}
 60849 | Depths:3 | Found a radiant altar of Vehumet.
 60924 | Depths:3 | Found a runed translucent gate.
 60925 | Depths:3 | Found a runed translucent gate.
 60926 | Depths:3 | Found a runed translucent gate.
 60926 | Depths:3 | Noticed Kisuacos's ghost (veteran SpVM)
 60927 | Depths:3 | Identified the +7 short sword "Beollel" {spect, *Corrode
                  | rPois rC- SInv}
 61136 | Depths:2 | Gained mutation: Your spells are a little easier to cast,
                  | but a little less powerful. [mutagenic glow]
 61159 | Depths:2 | Lost intelligence.
 61159 | Depths:2 | Gained mutation: You are dopey. (Int -2) [mutagenic glow]
 61168 | Depths:2 | Gained mutation: You are clumsy. (Dex -2) [mutagenic glow]
 61173 | Depths:2 | Gained mutation: Your body often deteriorates upon taking
                  | damage. [mutagenic glow]
 61181 | Depths:2 | Gained mutation: You sometimes lose the ability to read
                  | scrolls when taking damage. [mutagenic glow]
 61198 | Depths:2 | Gained mutation: You are occasionally teleported next to
                  | monsters. [mutagenic glow]
 69566 | Depths:2 | Identified the +6 quarterstaff of the Omega Point {holy,
                  | Fly rF- Str-5 Dex+9}
 69594 | Depths:3 | Killed Kisuacos's ghost
 69683 | Depths:3 | Identified the +0 helmet "Fudeutau" {Dex+6}
 69727 | Depths:4 | Entered Level 4 of the Depths
 69908 | Depths:4 | Found a gate to the Realm of Zot.
 70305 | Depths:4 | Noticed a juggernaut
 70306 | Depths:4 | a juggernaut changed into a titan
 70343 | Depths:4 | Noticed a caustic shrike
 70343 | Depths:4 | a shadow dragon changed into a caustic shrike
 70346 | Depths:4 | a caustic shrike changed into a shadow dragon
 70458 | Depths:4 | Noticed Sojobo
 70469 | Depths:4 | Paralysed by an air elemental for 1 turns
 70487 | Depths:4 | Killed Sojobo
 70640 | Depths:4 | Noticed a juggernaut
 70657 | Depths:4 | Killed a juggernaut
 70657 | Depths:4 | Received a gift from Okawaru
 70657 | Depths:4 | Found the +3 pair of seven-league boots {Rampage+∞}
 71564 | Elf:1    | Entered Level 1 of the Elven Halls
 71581 | Elf:1    | Paralysed by an orc sorcerer for 6 turns
 72077 | Elf:1    | Reached XP level 23. HP: 240/240 MP: 30/30
 72230 | Elf:1    | Got the Almanac of Dislocation
 72428 | Elf:1    | Found a corrupted altar of Lugonu.
 72719 | Elf:2    | Received a gift from Okawaru
 72893 | Elf:2    | Noticed Asterion
 72913 | Elf:2    | Killed Asterion
 72945 | Elf:2    | Received a gift from Okawaru
 73044 | Elf:2    | Found a runed translucent gate.
 73044 | Elf:2    | Found a runed translucent gate.
 73045 | Elf:2    | Found a runed translucent gate.
 73414 | Elf:3    | Entered Level 3 of the Elven Halls
 73592 | Elf:3    | Found Peyclyem's Armour Boutique.
 73637 | Elf:3    | Found a portal to a secret trove of treasure.
 73788 | Elf:3    | Cast into level 3 of the Abyss (a deep elf sorcerer)
 73788 | Abyss:3  | Found a corrupted altar of Lugonu.
 73880 | Elf:3    | Escaped the Abyss
 73915 | Elf:3    | Killed from afar by a Hell Sentinel

Illustrated notes

Levels and vault maps discovered:
D:1:      amcnicky_arrival_double_pillar, layout_loops_ring,
          dreamdust_ecumenical_altar_sealed_demon
D:2:      layout_loops_cross, basic_altar, minmay_quantized
D:3:      layout_loops_ring, uniq_terence, uniq_natasha, uniq_crazy_yiuf_cottage
D:4:      layout_basic, minmay_joined_circles, uniq_pikel
D:5:      layout_loops_corners, uniq_duvessa, uniq_grinder
D:6:      layout_loops_corners, temple_hall, grunt_ministairs_9,
          kennysheep_small_square, uniq_blork_the_orc, uniq_eustachio
D:7:      layout_basic, uniq_maggie
D:8:      layout_loops_ring, nicolae_overflow_hidden_temple, serial_glass,
          glass_columns_b, glass_columns_b, glass_columns_a, glass_columns_b,
          glass_columns_a, glass_columns_b, glass_columns_c, glass_columns_a,
          uniq_grum, uniq_psyche
D:9:      cheibrodos_grave_circle, layout_long_grid, hiddenorc1_lemuel,
          uniq_joseph, uniq_prince_ribbit1
D:10:     minmay_coctagon, layout_long_grid, serial_shops, nicolae_shop_stone,
          chequers_serial_rivers_micro_d
D:11:     layout_roguey, minmay_lair_entry_grove
D:12:     layout_roguey
D:13:     giant_chief_lemuel, layout_irregular_city,
          skrybe_vaults_entry_preservation, nicolae_wooded_promenade
D:14:     layout_loops_corners, gammafunk_ghost_split,
          nicolae_wu_jian_wuxing_cycle, nicolae_transmutations_shop,
          lightli_minifort, uniq_louise
D:15:     grunt_enter_depths_snipers, layout_stronghold, library_closet,
          uniq_nessos
Temple:   nicolae_temple_the_god_donut
Lair:1:   layout_loops_ring, basic_altar, nicolae_quartered_pool_medium
Lair:2:   layout_layer_cave, elwin_shoals_entry_stream, serial_bayou_shore_a,
          grunt_megastairs_4
Lair:3:   layout_gridlike, guppyfry_snake_entry_garden, grunt_megastairs_1,
          lemuel_fruit_fields
Lair:4:   layout_cave_pods, grunt_megastairs_5, uniq_kirke
Lair:5:   layout_regular_city, slime_altar_1, grunt_megastairs_3
Lair:6:   minmay_lair_end_frog_pond, layout_layer_cave
Shoals:1: layout_shoals, ldierk_geyser, nicolae_shoals_goliath_grotto
Shoals:2: layout_shoals, nicolae_shoals_beach_house_on_fowls_legs,
          uniq_polyphemus
Shoals:3: layout_shoals
Shoals:4: shoals_end_grunt_garden, layout_shoals, nicolae_shoals_kraken_party
Snake:1:  layout_layer_cave, minmay_shop_star
Snake:2:  layout_misc_corridors, minmay_shoptagon
Snake:3:  layout_honeycomb, portal_ice_cave_entry_ugly_swarm,
          serial_bayou_lake_a, uniq_vashnia
Snake:4:  grunt_snake_rune_serpentine_throne, layout_cave_town, st_stairs_3,
          nicolae_snake_magic_snake_eye
Slime:1:  layout_caves
Orc:1:    layout_caves, uniq_erica
Orc:2:    st_orc_open, layout_diamond_mine, serial_shops, statue_bzr,
          minmay_orc_barracks, uniq_erolcha
Elf:1:    nicolae_elf_arrival_no_cutting_in_line, layout_gridlike,
          hangedman_elven_crosses_minicolossus, nicolae_elf_theology_debate
Elf:2:    nicolae_elf_blades_crystal_corner, layout_geoelf_octagon,
          grunt_ministairs_13, uniq_asterion
Elf:3:    minmay_elf_hall_dome, layout_gridlike, serial_shops, shop,
          nicolae_trove_entry_path_of_doom
Vaults:1: nicolae_vaults_rhombus_7, vaults_room_corners,
          nicolae_vaults_what_the_h, ontoclasm_vaults_ring_large, kb_rosetta,
          v_misc_24, nicolae_vaults_triangles, nicolae_vaults_network_periphery,
          vaults_dpeg_spiral, vaults_mumra_hexcomb, ontoclasm_vaults_idyll,
          layout_vaults_ring
Vaults:2: st_squares, hangedman_vaults_stretched_pinwheel,
          hangedman_vaults_unwind, vaults_standard_mumra_x,
          nicolae_vaults_little_ls, vaults_room_pool, grunt_vaults_bifocal,
          layout_vaults_quadrants
Vaults:3: vaults_mumra_minichess_inversion, hangedman_vaults_hat,
          blue_anna_dwarven_crypt, v_pattern_4, v_misc_22,
          nicolae_vaults_little_squares_5, ontoclasm_vaults_spin,
          nicolae_vaults_little_squares_6, vaults_dpeg_hooks,
          layout_vaults_big_room, uniq_bai_suzhen
Vaults:4: nicolae_vaults_little_squares_1, v_misc_14, v_rooms_5, v_rooms_5,
          nicolae_vaults_murderbox, hangedman_vaults_slither,
          hangedman_vaults_stitches, vaults_mumra_chevron_long,
          grunt_vaults_swirl, nicolae_vaults_puzzle_piece,
          layout_vaults_omnibox, uniq_mennas, uniq_frederick, uniq_jory
Vaults:5: serial_shops
Depths:1: layout_honeycomb, hellmouth_3, hangedman_abyss_entry_splay,
          serial_shops, nicolae_shop_competitors_out_of_business,
          minmay_misc_feat_tower, minmay_misc_feat_cross,
          kilobyte_rumbling_trees, minmay_shop_grove
Depths:2: kennysheep_funnel, layout_gridlike, enter_ziggurat_e,
          lightli_too_deep, hangedman_decor_growths, pan_entry, firewood_loft,
          kennysheep_random_hallway, infiniplex_staircase_pool_2,
          serial_bayou_shore_b
Depths:3: minmay_guarded_unrand_sceptre_of_torment, layout_cave_shapes,
          pf_coc_iceberg, corexii_leaking_fountain, serial_column_ruins,
          column_ruins_portal_squares, column_ruins_circle_medium,
          column_ruins_grid_3, column_ruins_corridor_dead_end,
          column_ruins_grid_4, column_ruins_grid_1, minmay_room_of_horrors,
          gammafunk_ghost_tricky_traps, minmay_misc_feat_doors, vehumet_crystals
Depths:4: grunt_zot_entry_bicorn, layout_gridlike, hell_entry, serial_sigils,
          serial_sigils_hangedman_confine, serial_sigils_hangedman_scratch,
          serial_sigils_hangedman_shear, serial_sigils_hangedman_carve,
          serial_sigils_hangedman_scar, uniq_sojobo

Skill      XL: |  1  2  3  4  5  6  7  8  9 10 11 12 13 14 15 16 17 18 19 20 21 22 23 |
---------------+----------------------------------------------------------------------+-----
Axes           | 4 5 6 7 8 10 11 13 16 17 18 19 22 23 | 23.4
Armour         | 1 2 4 5 6 9 10 13 15 18 20 21 22 23 24 26 27 | 27.0
Dodging        | 4 5 6 7 8 |  8.6
Fighting       | 3 4 5 7 9 10 12 14 17 18 19 21 23 25 27 | 27.0
Stealth        | 1 2 |  2.0
Evocations     | 1 |  1.0
Invocations    | 4 6 7 9 11 | 11.6
Shields        | 7 14 15 16 19 21 | 21.1
Throwing       | 7 |  7.5

Action                   |  1- 3 |  4- 6 |  7- 9 | 10-12 | 13-15 | 16-18 | 19-21 | 22-24 || total
-------------------------+-------+-------+-------+-------+-------+-------+-------+-------++-------
Melee: War axe           |    73 |    79 |   211 |   331 |       |       |       |       ||   694
       Headbutt          |     6 |     9 |    51 |   137 |   385 |   613 |   764 |   448 ||  2413
       Broad axe         |       |       |       |   179 |    30 |       |       |       ||   209
       Hand axe          |       |       |       |       |  1003 |  1546 |  1804 |  1154 ||  5507
Throw: Throwing net      |       |       |       |       |       |       |     1 |       ||     1
Invok: Heroism           |       |       |       |       |       |     1 |       |       ||     1
Evoke: Wand              |       |       |       |     7 |     4 |     4 |       |       ||    15
  Use: Potion            |     4 |     1 |     3 |     3 |       |       |     7 |     2 ||    20
       Scroll            |     2 |     4 |     2 |    13 |     9 |     7 |     7 |     1 ||    45
 Stab: Sleeping          |     1 |       |       |       |       |       |       |       ||     1
       Petrified         |       |       |       |       |       |     1 |       |       ||     1
       Held in net/web   |       |       |       |       |       |       |     1 |       ||     1
Armor: Leather armour    |    25 |       |       |       |       |       |       |       ||    25
       Ring mail         |       |    21 |    32 |       |       |       |       |       ||    53
       Chain mail        |       |       |    25 |    24 |       |       |       |       ||    49
       Plate armour      |       |       |       |   278 |   410 |   346 |       |       ||  1034
       Crystal plate arm |       |       |       |       |       |    19 |   634 |   503 ||  1156
Dodge: Dodged            |    48 |    61 |   115 |   246 |   517 |   552 |   675 |   396 ||  2610
Block: Kite shield       |       |       |       |       |   162 |  1185 |  1280 |   779 ||  3406

Table legend: (Time is in decaauts)
 A = Elapsed time spent in this place.
 B = Non-inter-level travel time spent in this place.
 C = Inter-level travel time spent in this place.
 D = Time resting spent in this place.
 E = Time spent auto-exploring this place.
 F = Levels seen in this place.
 G = Mean time per level.
                   A        B        C        D        E       F      G
               +--------+--------+--------+--------+--------+-----+--------+
         Total |  76323 |  70669 |   5654 |  23277 |  37056 |  49 | 1557.6 |
       Dungeon |  22301 |  19409 |   2892 |   3456 |  13198 |  15 | 1486.7 |
        Temple |    269 |    252 |     17 |      0 |    221 |   1 |  269.0 |
          Lair |   8974 |   8027 |    947 |    939 |   6055 |   6 | 1495.7 |
        Shoals |   6566 |   6336 |    230 |   1782 |   3308 |   4 | 1641.5 |
     Snake Pit |   7749 |   7485 |    264 |   2084 |   4469 |   4 | 1937.2 |
    Slime Pits |      1 |      1 |      0 |      0 |      0 |   1 |    1.0 |
  Orcish Mines |   2636 |   2448 |    188 |    880 |   1009 |   2 | 1318.0 |
   Elven Halls |   2098 |   2002 |     96 |      0 |   1299 |   3 |  699.3 |
        Vaults |   6441 |   6064 |    377 |   1141 |   3718 |   5 | 1288.2 |
        Depths |  17872 |  17232 |    640 |  12995 |   3010 |   4 | 4468.0 |
         Abyss |   1339 |   1339 |      0 |      0 |    742 |   3 |  446.3 |
        Bazaar |     72 |     72 |      0 |      0 |     26 |   1 |   72.0 |
               +--------+--------+--------+--------+--------+-----+--------+

Top non-repeatable levels by time:
Depths:2: 14011 daAuts
 Snake:3: 2662 daAuts
     D:9: 2497 daAuts
 Snake:4: 2373 daAuts
    D:14: 2214 daAuts
Shoals:4: 2203 daAuts
Vaults:4: 2174 daAuts
  Lair:2: 2044 daAuts
 Snake:1: 1906 daAuts
    D:13: 1893 daAuts
Vaults:2: 1805 daAuts
Shoals:3: 1800 daAuts
  Lair:5: 1660 daAuts
     D:2: 1596 daAuts
  Lair:3: 1559 daAuts
